 Dungeon Crawl Stone Soup version 0.22-a0-42-g002c468 (webtiles) character file.

5572 tilp the Destroyer (level 10, 0/83 HPs)
             Began as a Purple Draconian Conjurer on Jan 5, 2018.
             Was a Follower of Vehumet.
             Slain by a two-headed ogre
             ... wielding a +0 dire flail
              (16 damage)
             ... on level 9 of the Dungeon.
             The game lasted 00:46:10 (14816 turns).

tilp the Destroyer (Purple Draconian Conjurer)     Turns: 14816, Time: 00:46:10

Health: 0/83       AC: 13    Str: 10    XL:     10   Next: 44%
Magic:  16/20      EV: 13    Int: 19    God:    Vehumet [*.....]
Gold:   158        SH:  0    Dex:  7    Spells: 12/23 levels left

rFire    . . .     SeeInvis .   L - +2 dagger "Onesk" {pain, +Inv +Fly rPois Dex-5}
rCold    + . .     Gourm    .   (no shield)
rNeg     . . .     Faith    .   (armour unavailable)
rPois    +         Spirit   .   (helmet restricted)
rElec    .         Reflect  .   w - +2 cloak
rCorr    .         Harm     .   (no gloves)
MR       +....                  I - +2 pair of boots
Stlth    ++........             (no amulet)
HPRegen  0.23/turn              E - ring of protection from cold
MPRegen  0.17/turn              (no ring)

@: short of breath
A: breathe power, unfitting armour, cold-blooded, AC +7
a: Breathe Dispelling Energy, Renounce Religion, Evoke Invisibility, Evoke
Flight


You were on level 9 of the Dungeon.
You worshipped Vehumet.
Vehumet was aware of your devotion.
You were not hungry.

You visited 3 branches of the dungeon, and saw 12 of its levels.

You collected 459 gold pieces.
You spent 301 gold pieces at shops.

Inventory:

Hand Weapons
 a - a +2 trident of flaming
 b - a +0 hunting sling
 l - a cursed -3 broad axe
 p - a +1 flail of protection
 B - the +6 short sword "Rerooff" {antimagic, rF+ Str-2 Dex+7 SInv}
   (You found it on level 4 of the Dungeon)

   It reduces the magical energy of the wielder, and disrupts the spells and
   magical abilities of those hit.
   Natural abilities and divine invocations are not affected.
   It affects your strength (-2).
   It affects your dexterity (+7).
   It protects you from fire.
   It lets you see invisible.
 L - the +2 dagger "Onesk" (weapon) {pain, +Inv +Fly rPois Dex-5}
   (You found it on level 7 of the Dungeon)

   In the hands of one skilled in necromantic magic, it inflicts extra damage on
   living creatures.
   It affects your dexterity (-5).
   It protects you from poison.
   It lets you turn invisible.
   It lets you fly.
 M - a +0 whip of electrocution
Missiles
 s - 56 sling bullets
 y - 8 javelins of penetration (quivered)
Armour
 m - a +0 buckler
 w - a +2 cloak (worn)
 I - a +2 pair of boots (worn)
Magical Staves
 G - an uncursed staff of wizardry
Jewellery
 z - an uncursed amulet of magic regeneration {unknown}
 E - a ring of protection from cold (left hand)
Wands
 f - a wand of flame (68)
 q - a wand of disintegration (19)
Scrolls
 c - 3 scrolls of enchant armour
 d - 3 scrolls of remove curse
 h - 2 scrolls of immolation
 i - 2 scrolls of amnesia
 o - 2 scrolls of blinking
 r - a scroll of silence
 v - a scroll of teleportation
 F - a scroll of fear
 J - 2 scrolls of enchant weapon
Potions
 e - 5 potions of curing
 g - 2 potions of lignification
 k - a potion of magic
 n - a potion of brilliance
 t - a potion of invisibility {unknown}
 A - a potion of agility {unknown}
 C - 4 potions of haste
Books
 j - a book of Conjurations

   Spells                             Type                      Level
   a - Magic Dart                     Conjuration                  1
   b - Searing Ray                    Conjuration                  2
   c - Dazzling Spray                 Conjuration/Hexes            3
   d - Fulminant Prism                Conjuration/Hexes            4
   e - Force Lance                    Conjuration/Translocation    4
   f - Iskenderun's Mystic Blast      Conjuration                  4
 x - a book of Geomancy

   Spells                             Type                      Level
   a - Sandblast                      Earth                        1
   b - Passwall                       Transmutation/Earth          2
   c - Stone Arrow                    Conjuration/Earth            3
   d - Petrify                        Transmutation/Earth          4
   e - Lee's Rapid Deconstruction     Earth                        5
 H - a book of Cantrips

   Spells                             Type                      Level
   a - Confusing Touch                Hexes                        1
   b - Animate Skeleton               Necromancy                   1
   c - Summon Small Mammal            Summoning                    1
   d - Apportation                    Translocation                1
Comestibles
 u - 16 rations
 D - 3 chunks of flesh


   Skills:
 - Level 6.0 Fighting
 - Level 4.0 Dodging
 - Level 4.0 Stealth
 - Level 4.0 Shields
 + Level 7.2 Spellcasting
 + Level 11.2 Conjurations
 - Level 4.0 Evocations


You had 12 spell levels left.
You knew the following spells:

 Your Spells              Type           Power        Failure   Level  Hunger
a - Magic Dart            Conj           ####         1%          1    None
b - Searing Ray           Conj           #####.       1%          2    None
c - Iskenderun's Mystic   Conj           #####...     1%          4    ###....
d - Fulminant Prism       Conj/Hex       ####......   10%         4    ###....


Dungeon Overview and Level Annotations

Branches:
Dungeon (10/15)            Temple (1/1) D:4            Lair (1/6) D:8
    Orc: D:9-12

Altars:
Ashenzari
Cheibriados
Dithmenos
Elyvilon
Fedhas
Gozag
Hepliaklqana
Kikubaaqudgha
Makhleb
Nemelex Xobeh
Okawaru
Qazlal
Ru
Sif Muna
Trog
Uskayaw
Vehumet
Wu Jian
Xom
Yredelemnul
Zin
The Shining One

Shops:
D:5 ?   D:8 %}*[   D:9 %%:!*

Annotations:
D:6 Eustachio
D:10 Psyche


Innate Abilities, Weirdness & Mutations

You can breathe bolts of dispelling energy.
Your rich purple scales are hard. (AC +7)
You cannot fit into any form of body armour.
You are cold-blooded and may be slowed by cold attacks.


Message History

Aiming: Disintegrate
Press: ? - help, Shift-Dir - straight line, f/p - two-headed ogre
Aim: a two-headed ogre, wielding a dire flail and a giant club (heavily wounded, chance to defeat MR: 66%)
The two-headed ogre is blasted.
The two-headed ogre misses you.
The two-headed ogre hits you with a giant club.
Aiming: Disintegrate
Press: ? - help, Shift-Dir - straight line, f/p - two-headed ogre
Aim: a two-headed ogre, wielding a dire flail and a giant club (almost dead, chance to defeat MR: 66%)
The two-headed ogre struggles to resist.
The two-headed ogre hits you but does no damage.
The two-headed ogre hits you with a giant club!
* * * LOW HITPOINT WARNING * * *
Aiming: Disintegrate
Press: ? - help, Shift-Dir - straight line, f/p - two-headed ogre
Aim: a two-headed ogre, wielding a dire flail and a giant club (almost dead, chance to defeat MR: 66%)
The two-headed ogre struggles to resist.
The two-headed ogre hits you with a dire flail.
* * * LOW HITPOINT WARNING * * *
The two-headed ogre hits you with a giant club!
You die...

#.# #.# #.# #.# #.#
#.# #.# #.# #.#
###'### #.# #.#
##.>..## #.# #.#
##.....# #.# #.#
##.....# #.# #.#
##.[...# #.# #.#
##.....# #@# #.#
.......# #O# #.#
####...# #####.##
#.#
####...#####......#
#.#
...'............>.#
#.#
####............#.#
#.#
................#.#
#.#
...._...........#.#
#.#
.............####.#
#.#


You could see a two-headed ogre.

Vanquished Creatures
  An unseen horror (D:9)
  Grinder (D:4)
  3 yaks (D:9)
  Sigmund (D:6)
  2 wyverns (D:9)
  Menkaure (D:4)
  Edmund (D:6)
  2 orc warriors (D:7)
  A black bear (D:9)
  A sky beast (D:5)
  A phantom (D:9)
  4 ogres
  3 centaurs (D:7)
  A crocodile (Lair:1)
  3 big kobolds
  3 bullfrogs
  2 gnoll sergeants (D:5)
  2 scorpions
  5 wights (D:7)
  4 crimson imps
  A centaur zombie (D:6)
  2 hounds (D:9)
  2 jellies
  A gnoll shaman (D:9)
  5 bullfrog skeletons
  9 orc priests
  Natasha (thrice) (D:2)
  3 iguanas
  6 worker ants
  11 orc wizards
  A hound skeleton (D:7)
  18 gnolls
  8 adders
  4 shadow imps
  An ooze (D:4)
  2 worms
  2 adder skeletons
  A dart slug (D:1)
  A leopard gecko (D:3)
  37 orcs
  5 bats
  2 giant cockroaches
  11 goblins
  11 hobgoblins
  8 jackals
  23 kobolds
  A quokka (D:3)
  2 ball pythons
  5 frilled lizards
  A jackal skeleton (D:7)
  A quokka skeleton (D:4)
  15 rats
245 creatures vanquished.

Vanquished Creatures (others)
  A fulminant prism (D:6)
1 creature vanquished.

Grand Total: 246 creatures vanquished

Notes
Turn   | Place    | Note
-------+----------+-------------------------------------------
     0 | D:1      | tilp the Draconian Conjurer began the quest for the Orb.
     0 | D:1      | Reached XP level 1. HP: 14/14 MP: 3/3
   447 | D:1      | Reached XP level 2. HP: 20/20 MP: 0/5
   451 | D:1      | Learned a level 2 spell: Searing Ray
   950 | D:1      | Reached skill level 5 in Conjurations
   998 | D:1      | Reached XP level 3. HP: 25/26 MP: 4/6
  1408 | D:2      | Found a glowing silver altar of Zin.
  1624 | D:2      | Found a snail-covered altar of Cheibriados.
  1977 | D:2      | Reached XP level 4. HP: 33/33 MP: 7/7
  1993 | D:2      | Found an opulent altar of Gozag.
  2114 | D:2      | Learned a level 4 spell: Iskenderun's Mystic Blast
  2141 | D:2      | Noticed Natasha
  2146 | D:2      | Killed Natasha
  2373 | D:2      | Noticed Natasha
  2377 | D:2      | Killed Natasha
  2377 | D:2      | Reached skill level 6 in Conjurations
  2441 | D:2      | Noticed Natasha
  2445 | D:2      | Killed Natasha
  2445 | D:2      | Reached XP level 5. HP: 35/38 MP: 3/8
  3195 | D:3      | Reached skill level 7 in Conjurations
  3285 | D:3      | Found a blossoming altar of Fedhas.
  3303 | D:3      | Found an ornate altar of the Wu Jian Council.
  3303 | D:3      | Found a shadowy altar of Dithmenos.
  3468 | D:3      | Reached XP level 6. HP: 45/45 MP: 4/9
  4142 | D:4      | Noticed Menkaure
  4149 | D:4      | Killed Menkaure
  4149 | D:4      | Reached skill level 8 in Conjurations
  4272 | D:4      | Noticed Grinder
  4274 | D:4      | Your scales start taking on a rich purple colour.
  4274 | D:4      | Reached XP level 7. HP: 47/50 MP: 5/10
  4283 | D:4      | Paralysed by Grinder for 7 turns
  4296 | D:4      | Killed Grinder
  4494 | D:4      | Found a staircase to the Ecumenical Temple.
  4536 | Temple   | Entered the Ecumenical Temple
  4819 | D:4      | Got a dazzling short sword
  5155 | D:4      | Identified the +6 short sword "Rerooff" {antimagic, rF+ Str-2 Dex+7 SInv} (You found it on level 4 of the Dungeon)
  5234 | D:5      | Entered Level 5 of the Dungeon
  5239 | D:5      | Found Kaphoo Ewna's Magic Scroll Shoppe.
  5242 | D:5      | Bought a scroll of immolation for 38 gold pieces
  5242 | D:5      | Bought a scroll of fear for 38 gold pieces
  5242 | D:5      | Bought a scroll of identify for 22 gold pieces
  5242 | D:5      | Bought a scroll of identify for 22 gold pieces
  5242 | D:5      | Bought a scroll of blinking for 82 gold pieces
  5399 | D:5      | Reached skill level 9 in Conjurations
  5593 | D:5      | Reached XP level 8. HP: 57/57 MP: 9/14
  6653 | D:5      | Reached skill level 10 in Conjurations
  6849 | D:5      | Reached skill level 1 in Fighting
  6849 | D:5      | Reached skill level 1 in Evocations
  7029 | D:5      | Learned a level 4 spell: Fulminant Prism
  7068 | D:6      | Noticed Edmund
  7182 | D:6      | Killed Edmund
  7294 | D:6      | Reached skill level 1 in Shields
  7334 | D:6      | Noticed Sigmund
  7530 | D:6      | Killed Sigmund
  8112 | D:6      | Noticed Eustachio
  8313 | D:6      | Reached XP level 9. HP: 68/68 MP: 7/15
  8990 | D:7      | Found a snail-covered altar of Cheibriados.
  9158 | D:7      | Got an ichor-stained dagger
 10186 | D:7      | Found a radiant altar of Vehumet.
 10194 | D:7      | Became a worshipper of Vehumet
 10751 | D:7      | Identified the +2 dagger "Onesk" {pain, +Inv +Fly rPois Dex-5} (You found it on level 7 of the Dungeon)
 10933 | D:5      | Bought a scroll of remove curse for 33 gold pieces
 10933 | D:5      | Bought 2 scrolls of remove curse for 66 gold pieces
 11010 | D:8      | Found a staircase to the Lair.
 11310 | D:8      | Found Sosyston's General Store.
 11360 | D:8      | Found Ehuda's Gadget Boutique.
 11494 | D:8      | Found Laringo's Food Shoppe.
 11545 | D:8      | Found Melick's Antique Armour Shoppe.
 11900 | D:9      | Reached skill level 5 in Fighting
 11900 | D:9      | Reached skill level 5 in Spellcasting
 12225 | D:9      | Found Woppof's Food Boutique.
 12264 | D:9      | Reached XP level 10. HP: 76/81 MP: 2/18
 12638 | D:9      | Found Sycor's Distillery.
 12641 | D:9      | Found Hazaunad's General Store.
 12773 | D:9      | Found a shattered altar of Ashenzari.
 12787 | D:9      | Found Ecruylich's Book Shop.
 13042 | D:9      | Found Otadoc's Food Boutique.
 13078 | D:9      | Reached * piety under Vehumet
 13078 | D:9      | Offered knowledge of Sting by Vehumet.
 13190 | D:10     | Entered Level 10 of the Dungeon
 13190 | D:10     | Noticed a two-headed ogre
 13739 | Lair:1   | Entered Level 1 of the Lair of Beasts
 13768 | Lair:1   | Noticed a four-headed hydra
 14248 | D:9      | Noticed an unseen horror
 14262 | D:9      | Killed an unseen horror
 14262 | D:9      | Reached skill level 11 in Conjurations
 14626 | D:10     | Noticed Psyche
 14816 | D:9      | Slain by a two-headed ogre

Vault maps used:
D:1:      onia_arrival_pentagram, minivault_14
D:2:      lemuel_round_altar, lemuel_crystal_altar,
          nicolae_overflow_hidden_temple, first_ration, kennysheep_crisscross,
          uniq_natasha
D:3:      fedhas_altar_2, gammafunk_temple_overflow_elements
D:4:      minmay_temple_entry_nine_rooms, uniq_grinder, uniq_menkaure
D:5:      serial_shops, nicolae_shop_behind_doors
D:6:      eino_small_chamber_without_monster, uniq_edmund, uniq_eustachio,
          uniq_sigmund
D:7:      fiery_altar_vehumet, serial_glass, glass_columns_c, glass_columns_a,
          glass_columns_a, glass_columns_a, glass_columns_a, glass_columns_a,
          glass_columns_a, glass_columns_a, glass_columns_b, glass_columns_b,
          feat_on_display, minmay_strange_pillars, item_on_display_a,
          basic_altar
D:8:      lair_entry_dummy, serial_shops, shop, shop, nicolae_shop_crystal, shop
D:9:      overflow_temple_1_default, serial_shops, nicolae_shop_behind_doors,
          shop, kennysheep_little_box, shop, shop
D:10:     serial_shops, kennysheep_mini, uniq_fannar, uniq_psyche
Temple:   nicolae_temple_great_sept
Lair:1:   lab_entry_generic, grunt_megastairs_1

Skill      XL: |  1  2  3  4  5  6  7  8  9 10 |
---------------+-------------------------------+-----
Conjurations   | 5 6 7 8 9 10 11 | 11.2
Stealth        | 3 4 |  4.0
Spellcasting   | 4 5 7 |  7.2
Fighting       | 2 5 6 |  6.0
Dodging        | 3 4 |  4.0
Evocations     | 2 4 |  4.0
Shields        | 2 4 |  4.0

Action                   |  1- 3 |  4- 6 |  7- 9 | 10-12 || total
-------------------------+-------+-------+-------+-------++-------
Melee: Short sword       |    63 |    15 |    22 |     5 ||   105
       Tailslap          |     4 |     1 |    19 |     5 ||    29
       Unarmed           |     1 |       |       |       ||     1
       Rapier            |       |     8 |    60 |       ||    68
       Trident           |       |       |    58 |       ||    58
       Whip              |       |       |    45 |    38 ||    83
       Hand axe          |       |       |     8 |       ||     8
       Dagger            |       |       |       |    10 ||    10
Throw: Stone             |     3 |       |       |       ||     3
 Cast: Magic Dart        |    64 |    41 |    47 |    19 ||   171
       Searing Ray       |     2 |    19 |    70 |    19 ||   110
       Fulminant Prism   |       |       |     1 |       ||     1
 Abil: Breathe Dispellin |       |       |     6 |     2 ||     8
Evoke: Wand              |       |     5 |     5 |     7 ||    17
  Use: Scroll            |       |     2 |    17 |     3 ||    22
       Potion            |       |       |     4 |       ||     4
 Stab: Sleeping          |     1 |     1 |     3 |       ||     5
       Distracted        |     1 |       |       |       ||     1
  Eat: Chunk             |     5 |     8 |    25 |     5 ||    43
       Ration            |       |       |     1 |     1 ||     2
Armor: Skin              |    20 |     7 |   142 |    62 ||   231
Dodge: Dodged            |    47 |    25 |   159 |    65 ||   296
Block: Buckler           |       |       |    23 |       ||    23

Table legend:
 A = Spawn XP
 B = Non-spawn XP
 C = Spawn XP percentage of total XP
 D = Spawn monster count
 E = Non-spawn monster count
 F = Spawn count percentage of total count
 G = Total turns spent on level
                    A         B        C        D         E        F      G
               +---------+---------+-------+---------+---------+-------+---------
         Total |       0 |    7961 |   0.0 |       0 |     245 |   0.0 | 14816
               +---------+---------+-------+---------+---------+-------+---------
           D:1 |       0 |      53 |   0.0 |       0 |      32 |   0.0 |  1393
           D:2 |       0 |     157 |   0.0 |       0 |      19 |   0.0 |  1105
           D:3 |       0 |     214 |   0.0 |       0 |      30 |   0.0 |  1351
           D:4 |       0 |     837 |   0.0 |       0 |      22 |   0.0 |  1306
           D:5 |       0 |     911 |   0.0 |       0 |      32 |   0.0 |  2081
           D:6 |       0 |     758 |   0.0 |       0 |      15 |   0.0 |  1599
           D:7 |       0 |    1594 |   0.0 |       0 |      44 |   0.0 |  2096
           D:8 |       0 |     210 |   0.0 |       0 |      10 |   0.0 |  1630
           D:9 |       0 |    3001 |   0.0 |       0 |      37 |   0.0 |  2032
          D:10 |       0 |     121 |   0.0 |       0 |       3 |   0.0 |   100
        Lair:1 |       0 |     105 |   0.0 |       0 |       1 |   0.0 |    44
               +---------+---------+-------+---------+---------+-------+---------
